 Dungeon Crawl Stone Soup version bcrawl-1.12-8-g964540c432 (webtiles) character file.

Game seed: 2543093652072511833

97 EnegeticOcto the Chopper (level 4, 0/38 HPs)
             Began as a Minotaur Sloth Apostle on June 5, 2019.
             Was a Follower of Cheibriados.
             Slain by an ogre
             ... wielding a +0 giant club
              (21 damage)
             ... on level 2 of the Dungeon.
             The game lasted 00:01:09 (1602 turns).

EnegeticOcto the Chopper (Minotaur Sloth Apostle)   Turns: 1602, Time: 00:01:09

Health: 0/38       AC:  2    Str: 20    XL:     4   Next: 42%
Magic:  4/4        EV:  9    Int: 11    God:    Cheibriados [*.....]
Gold:   92         SH:  9    Dex: 11    Spells: 4/5 levels left

rFire    . . .     SeeInvis .   a - +0 hand axe
rCold    . . .     Gourm    .   c - +0 shield
rNeg     . . .     Faith    .   b - +0 robe
rPois    .         Spirit   .   (helmet restricted)
rElec    .         Reflect  .   (no cloak)
rCorr    .         Harm     .   (no gloves)
MR       .....                  (no boots)
Stlth    ++........             (no amulet)
HPRegen  0.12/turn              (no ring)
MPRegen  0.09/turn              (no ring)

@: very slow
A: retaliatory headbutt, horns 2
a: Bend Time, Renounce Religion


You were on level 2 of the Dungeon.
You worshipped Cheibriados.
Cheibriados was aware of your devotion.
You were not hungry.

You visited 1 branch of the dungeon, and saw 2 of its levels.

You collected 92 gold pieces.

Inventory:

Hand Weapons
 a - a +0 hand axe (weapon)
Armour
 b - a +0 robe (worn)
 c - a +0 shield (worn)
Jewellery
 g - an uncursed ring of wizardry {unknown}
Wands
 d - a wand of paralysis (10)
 q - a wand of iceblast (8)
Scrolls
 f - a scroll of blinking {unknown}
 h - a scroll of magic mapping {unknown}
 i - a scroll of enchant armour {unknown}
 j - a scroll of fog {unknown}
 l - 3 scrolls of teleportation {unknown}
 m - a scroll of amnesia {unknown}
 o - a scroll of fear {unknown}
Potions
 k - 2 potions of heal wounds {unknown}
 n - a potion of resistance {unknown}
Comestibles
 e - 4 rations {!d}
 p - 5 chunks of flesh


   Skills:
 + Level 3.4 Fighting
 * Level 4.4 Axes
 - Level 2.6 Stealth
 + Level 3.5 Shields
 - Level 1.0 Spellcasting
 - Level 0.5 Hexes
 - Level 0.8 Evocations


You had 4 spell levels left.
You knew the following spells:

 Your Spells              Type           Power        Failure   Level  Hunger
a - Slow                  Hex            #.......     75%         1    ##.....
Your spell library was empty.

Dungeon Overview and Level Annotations

Branches:
Dungeon (2/12)

Altars:
Fedhas


Innate Abilities, Weirdness & Mutations

You reflexively headbutt those who attack you in melee.
You have a pair of horns on your head.


Message History

You hit the bat but do no damage. The bat hits you but does no damage.
Terence hits you with a +0 mace.
You hit Terence but do no damage. You headbutt Terence.
Terence is heavily wounded.
You block the bat's attack. Terence hits you with a +0 mace.
You hit Terence but do no damage.
Terence is heavily wounded.
The bat closely misses you. You furiously retaliate!
You headbutt the bat.
You kill the bat!
Cheibriados thoroughly appreciates the change of pace.
Terence barely misses you. You furiously retaliate!
You headbutt Terence, but do no damage. You closely miss Terence.
Terence is heavily wounded.
You block Terence's attack.
You hit Terence.
Terence is heavily wounded.
Terence hits you with a +0 mace.
You hit Terence but do no damage.
Terence is heavily wounded.
You block Terence's attack.
You hit Terence.
Terence is severely wounded.
Terence barely misses you.
You hit Terence but do no damage. Your headbutt misses Terence.
Terence is severely wounded.
Terence hits you with a +0 mace.
You hit Terence but do no damage. You headbutt Terence, but do no damage.
Terence is severely wounded.
You block Terence's attack.
You slash Terence!
You kill Terence!
Cheibriados appreciates the change of pace.
No target in view!
No target in view!
No target in view!
No target in view!
No target in view!
No target in view!
Some of the chunks of flesh in your inventory have rotted away.
Key pressed, stopping explore.
Found a ring mail.
You see here a rat corpse.
You butcher the rat corpse.
p - 3 chunks of flesh (gained 1)
You see here a rat skeleton. x2
q - a wand of iceblast (8)
Things that are here:
a +0 mace; a +0 scale mail; the human corpse of Terence You butcher the human corpse of Terence.
p - 7 chunks of flesh (gained 4)
Things that are here:
a +0 mace; a +0 scale mail; the human skeleton of Terence
Things that are here:
a +0 mace; a +0 scale mail; the human skeleton of Terence You now have 92 gold pieces (gained 13).
You open the door.
There is an open door here.
You see here a ring mail.
Some of the chunks of flesh in your inventory have rotted away.
A kobold and an ogre come into view.
The kobold throws a stone.
The stone closely misses you.
There are monsters nearby!
The kobold throws a stone.
You block the stone.
The kobold throws a stone.
The stone closely misses you.
A kobold comes into view. It is wielding a +0 dagger.
The ogre shouts!
You block the kobold's attack.
A rat comes into view.
You block the ogre's attack. The kobold closely misses you.
You barely miss the ogre. You closely miss the kobold. The kobold hits you.
The ogre hits you with a +0 giant club!
You hit the ogre.
The ogre is lightly wounded.
You miss the kobold. The kobold hits you but does no damage.
You slash the ogre! You headbutt the ogre.
The ogre is severely wounded.
Your shield prevents you from hitting the kobold.
You block the ogre's attack. The kobold hits you but does no damage.
You slash the ogre!
The ogre is almost dead.
You hit the kobold.
You kill the kobold!
Cheibriados appreciates the change of pace.
The ogre hits you with a +0 giant club. The kobold hits you with a +0 dagger.
You are too injured to fight recklessly!
You are too injured to fight recklessly!
You are too injured to fight recklessly!
You are too injured to fight recklessly!
You are too injured to fight recklessly!
You are too injured to fight recklessly!
You are too injured to fight recklessly!
You are too injured to fight recklessly!
You are too injured to fight recklessly!
You hit the ogre.
The ogre is almost dead.
You hit the kobold but do no damage.
The ogre hits you with a +0 giant club!!
Ouch! That really hurt!
You die...

#.#.#..#......#.
#.#.# #........
######.#.# #.....##>
#......#.# #.....##.
#......#.####.....##.
#......#.............
#.!.............. ..
#................ ..
#..K@.........##.
#..O..........#
#...r.........#
#.............#
...............#
................#
#................#
#................


You could see an ogre, a kobold and a rat.

Vanquished Creatures
  Terence (D:2)
  A worker ant (D:2)
  2 oozes (D:1)
  A worm (D:2)
  A dart slug (D:1)
  2 leopard geckos
  2 goblins
  2 hobgoblins (D:1)
  4 jackals (D:1)
  6 kobolds
  6 bats
  2 frilled lizards
  3 rats
33 creatures vanquished.

Notes
Turn   | Place    | Note
-------+----------+-------------------------------------------
     0 | D:1      | EnegeticOcto the Minotaur Sloth Apostle began the quest for
                  | the Orb.
     0 | D:1      | Reached XP level 1. HP: 18/18 MP: 1/1
   193 | D:1      | Reached skill level 3 in Axes
   193 | D:1      | Reached XP level 2. HP: 25/25 MP: 2/2
   413 | D:1      | Reached XP level 3. HP: 27/31 MP: 3/3
   764 | D:1      | Reached * piety under Cheibriados
   900 | D:2      | Found a blossoming altar of Fedhas.
   977 | D:2      | Found a faded altar of an unknown god.
  1248 | D:2      | Reached skill level 4 in Axes
  1381 | D:2      | Reached XP level 4. HP: 33/38 MP: 4/4
  1443 | D:2      | Noticed Terence
  1460 | D:2      | Killed Terence
  1593 | D:2      | Noticed an ogre
  1602 | D:2      | Slain by an ogre

Skill      XL: |  1  2  3 |
---------------+----------+-----
Axes           | 3 4 |  4.4
Fighting       | 3 |  3.4
Shields        | 3 |  3.5
Stealth        | |  2.6
Spellcasting   | |  1.0
Hexes          | |  0.5
Evocations     | |  0.8

Action                   |  1- 3 |  4- 6 || total
-------------------------+-------+-------++-------
Melee: Hand axe          |    69 |    21 ||    90
       Headbutt          |    10 |     4 ||    14
 Stab: Sleeping          |     7 |       ||     7
       Distracted        |     1 |       ||     1
  Eat: Chunk             |     1 |       ||     1
Armor: Robe              |    12 |     5 ||    17
Dodge: Dodged            |    24 |     9 ||    33
Block: Shield            |    27 |    12 ||    39
